 Dungeon Crawl Stone Soup version 0.30-a0-585-g93115170b9 (webtiles) character file.

Game seed: 11025644644092671156

358381 drugrobin the Slayer (level 20, -20/200 HPs)
             Began as a Demigod Delver on Jan 1, 2023.
             Demolished by an orc warlord
             ... wielding a +3 great mace
              (43 damage)
             ... on level 3 of the Vaults.
             The game lasted 04:16:41 (57968 turns).

drugrobin the Slayer (Demigod Delver)              Turns: 57968, Time: 04:16:41

Health: -20/200    AC: 27    Str: 25    XL:     20   Next: 85%
Magic:  2/37       EV: 20    Int: 24    God:
Gold:   3390       SH:  5    Dex: 30    Spells: 3/35 levels left

rFire   x . .      SeeInvis .    a - +5 long sword (heavy)
rCold   + + +      Faith    .    u - +0 buckler {rC+}
rNeg    . . .      Spirit   .    K - +7 Kryia's mail coat {PotionHeal*2 rC+}
rPois   .          Reflect  .    A - +0 helmet
rElec   .          Harm     .    p - +2 cloak {rCorr}
rCorr   +          Rampage  .    e - +1 pair of gloves
Will    +++..                    R - +1 pair of boots
Stlth   ++                       z - amulet of regeneration
HPRegen 1.33/turn                k - ring "Ecren" {rC+ Will+ Str+2 Slay+5}
MPRegen 0.25/turn                v - ring "Jiolanap" {Ice Str+2 Int+4 Dex+7 Stlth-}

@: studying 3 skills
A: high MP 1, forlorn, divine attributes
}: 1/15 runes: serpentine
a: no special abilities


You were on level 3 of the Vaults.
You visited 8 branches of the dungeon, and saw 37 of its levels.
You visited the Abyss 1 time.
You also visited: Ice Cave.

You collected 6708 gold pieces.
You spent 3318 gold pieces at shops.

Inventory:

Hand Weapons
 a - a +5 heavy long sword (weapon)
 b - the +5 long sword "Huhuh" {drain, rCorr Str-5 Int-5 Stlth+}
   (You took it off a deep elf death mage on level 3 of the Elven Halls)

   A truly terrible weapon, it drains the life of any living foe it strikes.
   Str:       It affects your strength (-5).
   Int:       It affects your intelligence (-5).
   rCorr:     It protects you from acid and corrosion.
   Stlth:     It makes you more stealthy.
 o - a +3 demon blade of protection
 x - a +0 double sword of freezing
Missiles
 B - 18 boomerangs (quivered)
 X - 10 curare-tipped darts
Armour
 e - a +1 pair of gloves (worn)
 p - a +2 cloak of preservation (worn)
 u - a +0 buckler of cold resistance (worn)
 A - a +0 helmet (worn)
 K - the +7 Kryia's mail coat (worn) {PotionHeal*2 rC+}
   (You took it off a wight on level 9 of the Dungeon)

   Potions are twice as effective at healing its wearer.
   rC:        It protects you from cold.
 R - a +1 pair of boots (worn)
 U - the +2 hat of the Bear Spirit {Spirit, *Rage Will++}
   (You found it on level 3 of the Elven Halls)

   Going berserk makes the wearer tougher, and they're slowed less afterward.
   *Rage:     It berserks you when you make melee attacks (+20% chance).
   Will:      It greatly increases your willpower.
 Y - +1 shadow dragon scales
Jewellery
 c - a ring of wizardry
 k - the ring "Ecren" (left hand) {rC+ Will+ Str+2 Slay+5}
   (You bought it in a shop on level 1 of the Elven Halls)

   [ring of willpower]

   Str:       It affects your strength (+2).
   Slay:      It affects your accuracy & damage with ranged weapons and melee
   (+5).
   rC:        It protects you from cold.
   Will:      It increases your willpower.
 m - a ring of protection from fire
 s - a ring of positive energy
 t - the ring of the Dolphin {rPois Str+6 Int-3}
   (You took it off a white draconian in an ice cave)

   [ring of poison resistance]

   Str:       It affects your strength (+6).
   Int:       It affects your intelligence (-3).
   rPois:     It protects you from poison.
 v - the ring "Jiolanap" (right hand) {Ice Str+2 Int+4 Dex+7 Stlth-}
   (You found it in an ice cave)

   [ring of ice]

   It enhances your ice magic.
   Str:       It affects your strength (+2).
   Int:       It affects your intelligence (+4).
   Dex:       It affects your dexterity (+7).
   rF:        It makes you vulnerable to fire.
   rC:        It protects you from cold.
   Stlth:     It makes you less stealthy.
 z - an amulet of regeneration (around neck)
 M - a ring of see invisible
Wands
 d - a wand of flame (41)
 g - a wand of digging (28)
 H - a wand of roots (50)
 L - a wand of paralysis (11)
 S - a wand of mindburst (13)
 V - a wand of quicksilver (7)
Scrolls
 h - 4 scrolls of fog
 i - a scroll of butterflies
 n - 7 scrolls of immolation
 y - 2 scrolls of silence
 C - 2 scrolls of vulnerability
 E - 4 scrolls of magic mapping
 G - 5 scrolls of blinking
 I - 5 scrolls of poison
 N - 16 scrolls of teleportation
 Q - 4 scrolls of fear
Potions
 f - 5 potions of haste
 j - 9 potions of lignification
 l - 4 potions of invisibility
 r - a potion of brilliance
 w - 11 potions of curing
 D - 5 potions of cancellation
 F - 4 potions of flight
 J - 4 potions of might
 P - 2 potions of resistance
 W - 5 potions of ambrosia
Miscellaneous
 q - a tin of tremorstones (inert)
 O - a lightning rod (4/4)
 T - a phial of floods
 Z - a condenser vane (inert)


   Skills:
 - Level 22.0 Fighting
 + Level 14.8 Long Blades
 - Level 15.0 Armour
 - Level 10.0 Dodging
 - Level 8.0 Stealth
 - Level 8.0 Spellcasting
 - Level 0.3 Conjurations
 - Level 15.0 Translocations
 - Level 8.0 Evocations


You had 3 spell levels left.
You knew the following spells:

 Your Spells              Type           Power      Damage    Failure   Level
a - Vhi's Electric Charg  Tloc/Air       90%        N/A       2%          3
b - Blink                 Tloc           100%       N/A       1%          2
c - Kindle Blastsparks    Fire/Tloc/Air  66%        2d15      6%          3
d - Manifold Assault      Tloc           69%        N/A       1%          4
e - Passage of Golubria   Tloc           69%        N/A       1%          4
f - Iskenderun's Mystic   Conj/Tloc      46%        2d10      7%          4
g - Gell's Gravitas       Tloc           69%        N/A       1%          3
h - Dispersal             Tloc           34%        N/A       5%          6
i - Apportation           Tloc           100%       N/A       1%          1
j - Wereblood             Tmut           9%         N/A       24%         2

Your spell library contained the following spells:

 Spells                   Type           Power      Damage    Failure   Level
 Teleport Other           Tloc           69%        N/A       1%          3
 Foxfire                  Conj/Fire      40%        2x1d6     16%         1
 Freeze                   Ice            56%        1d7       16%         1
 Necrotise                Necr           36%        1d5       16%         1
 Shock                    Conj/Air       40%        1d5       16%         1
 Summon Small Mammal      Summ           36%        N/A       16%         1
 Cigotuvi's Dreadful Rot  Necr/Pois/Air  18%        N/A       24%         2
 Ensorcelled Hibernation  Hex/Ice        28%        N/A       24%         2
 Passwall                 Tmut/Erth      7%         N/A       24%         2
 Static Discharge         Conj/Air       20%        2-3/arc   24%         2
 Sublimation of Blood     Necr           9%         N/A       24%         2
 Call Canine Familiar     Summ           9%         N/A       43%         3
 Dazzling Flash           Conj/Hex       20%        N/A       43%         3
 Frozen Ramparts          Ice            28%        1d5       43%         3
 Hailstorm                Conj/Ice       15%        3d5       43%         3
 Ozocubu's Armour         Ice            14%        N/A       43%         3
 Summon Guardian Golem    Hex/Summ       9%         N/A       43%         3
 Swiftness                Air            9%         N/A       43%         3
 Tukima's Dance           Hex            9%         N/A       43%         3
 Summon Forest            Summ/Tloc      22%        N/A       21%         5
 Airstrike                Air            4%         2d(1-17)  85%         4
 Dispel Undead            Necr           9%         3d8       85%         4
 Ice Form                 Ice/Tmut       14%        N/A       85%         4
 Petrify                  Tmut/Erth      9%         N/A       85%         4
 Summon Ice Beast         Ice/Summ       14%        N/A       85%         4
 Disjunction              Tloc           34%        N/A       92%         8
 Arcjolt                  Conj/Air       5%         1d15      99%         5
 Fireball                 Conj/Fire      5%         3d5       99%         5
 Irradiate                Conj/Tmut      5%         3d13      99%         5
 Iskenderun's Battlesphe  Conj           11%        2d7       99%         5
 Lightning Bolt           Conj/Air       5%         1d17      99%         5
 Metabolic Englaciation   Hex/Ice        7%         N/A       99%         5
 Silence                  Hex/Air        4%         N/A       99%         5
 Summon Mana Viper        Hex/Summ       9%         N/A       99%         5
 Yara's Violent Unravell  Hex/Tmut       4%         3d4       99%         5
 Death Channel            Necr           4%         N/A       100%        6
 Iron Shot                Conj/Erth      5%         9d2       100%        6
 Simulacrum               Ice/Necr       7%         N/A       100%        6
 Starburst                Conj/Fire      5%         6d4       100%        6
 Statue Form              Tmut/Erth      6%         N/A       100%        6
 Summon Cactus Giant      Summ           4%         N/A       100%        6
 Monstrous Menagerie      Summ           4%         N/A       100%        7
 Spellforged Servitor     Conj/Summ      5%         N/A       100%        7
 Summon Hydra             Summ           4%         N/A       100%        7
 Lehudib's Crystal Spear  Conj/Erth      5%         10d3      100%        8
 Chain Lightning          Conj/Air       5%         3d6       100%        9
 Dragon's Call            Summ           4%         N/A       100%        9
 Fire Storm               Conj/Fire      5%         8d1       100%        9
 Shatter                  Erth           4%         3d8*      100%        9


Dungeon Overview and Level Annotations

Branches:
Dungeon (15/15)            Temple (0/1) D:6            Lair (5/5) D:8
  Swamp (4/4) Lair:2        Snake (4/4) Lair:3        Slime (0/5) Lair:4
    Orc (2/2) D:10            Elf (3/3) Orc:2        Vaults (3/5) D:14
  Crypt (0/3) Vaults:3     Depths (1/4) D:15          IceCv (visited)

Shops:
D:14 =   Orc:2 (*?!   Elf:1 :=:=   Elf:2 *   Elf:3 ?   Snake:3 ?   Vaults:1 (
Vaults:3 ?

Portals:
Hell: Depths:1

Annotations:
D:9 Amaemon
Lair:2 3 runed translucent doors, Coguiqiqih's ghost, journeyman DrCA; Urubidymn's ghost, journeyman AtAE; wormed's ghost, journeyman SpHu
Swamp:4 2 exclusions
Snake:2 2 transporters, experimilk's ghost, adept DrCj
Elf:1 6 runed translucent doors
Elf:2 3 runed translucent doors, exclusion: 3 doors
Depths:1 exclusion: caustic shrike


Innate Abilities, Weirdness & Mutations

You have an increased reservoir of magic. (+10% MP)
You shall have no god before yourself.
Your divine heritage dramatically boosts your attributes as you level up.


Message History

The orc warlord hits you with a +0 war axe.
The orc warlord is engulfed in blazing flames.
The orc warlord completely misses you.
The boulder beetle is engulfed in blazing flames.
You kill the boulder beetle!
Unknown command.
Unknown command.
Casting: Manifold Assault (safe; 1% risk of failure)
Confirm with . or Enter, or press ? or * to list all spells.
Space momentarily warps into an impossible shape!
You hit the orc warlord. You slash the orc warlord!
The orc warlord is engulfed in blazing flames.
The orc warlord hits you with a +0 war axe!
* * * LOW HITPOINT WARNING * * *
The orc warlord hits you with a +3 great mace!!
* * * LOW HITPOINT WARNING * * *
Unknown command.
Unknown command.
Unknown command.
Unknown command.
Unknown command.
Unknown command.
Okay, then.
Unknown command.
Okay, then.
The tremorstone explodes into fragments!
The burst of rock shards engulfs the orc warlord but does no damage. x2
The burst of rock shards engulfs you but does no damage.
The burst of rock shards engulfs the orc warlord!
The burst of rock shards engulfs the orc warlord but does no damage.
The burst of rock shards engulfs you but does no damage.
The burst of rock shards engulfs the orc warlord but does no damage.
The burst of rock shards engulfs you but does no damage.
The burst of rock shards engulfs the orc warlord but does no damage.
The tin is emptied!
The orc warlord is engulfed in blazing flames.
The orc warlord misses you.
The orc warlord is engulfed in blazing flames.
The orc warlord hits you with a +3 great mace!!!
You die...

#......
#§§.?)}§§○#
#......
#§°.###§§§#
#......
#.○§#{#...#
#......
#.§§###§§.
#......
#$§§§§§§§
#...... !§§§§§§
####### #§oo#
#.§@#
###'############
#............#
#............#
#............#
#.}..........#
#............#
#............#
#####)##########


You could see 2 orc warlords.

Vanquished Creatures
  Saint Roka (Vaults:1)
  Vashnia (Snake:4)
  Margery (Vaults:2)
  2 deep elf blademasters (Elf:3)
  2 deep elf master archers (Elf:3)
  Gastronok (Lair:2)
  3 sphinxes
  2 tentacled starspawn (Abyss:2)
  2 thorn hunters
  Roxanne (D:15)
  7 nagarajas
  2 fenstrider witches (Swamp:2)
  2 deep elf sorcerers (Elf:3)
  A draconian knight (IceCv)
  6 vault wardens
  A frost giant (D:15)
  Louise (Lair:2)
  A fire giant (Depths:1)
  Aizul (Snake:2)
  A deep elf elementalist (Elf:3)
  8 very ugly things
  4 ironbound preservers (Vaults:1)
  2 orc warlords
  2 stone giants
  A war gargoyle (Vaults:1)
  13 deep elf demonologists
  4 ironbound thunderhulks
  5 eleionomae
  10 bunyips
  7 dire elephants (Vaults:1)
  8 deep elf annihilators
  5 white draconians (IceCv)
  A fire dragon (Lair:5)
  6 deep elf death magi (Elf:3)
  4 yaktaur captains
  2 ettins
  2 shambling mangroves
  5 vault guards
  2 deep elf high priests
  An entropy weaver (shapeshifter) (D:15)
  2 entropy weavers
  2 great orbs of eyes
  Fannar (Lair:3)
  An ironbound frostheart (Vaults:2)
  2 peacekeepers (Vaults:1)
  2 spriggan air magi
  2 salamander tyrants (Snake:2)
  A catoblepas (Lair:5)
  A ghost crab (Swamp:2)
  19 hydras
  2 ogre magi
  3 two-headed ogres (D:15)
  4 centaur warriors
  A boulder beetle (shapeshifter) (Vaults:3)
  7 boulder beetles
  10 anacondas
  A deep troll earth mage (Depths:1)
  2 deep troll shamans
  17 alligators
  4 death yaks
  21 dancing weapons
  2 tengu warriors (D:15)
  14 naga warriors
  An orc high priest (Elf:1)
  17 spriggans
  A thrashing horror (Abyss:2)
  6 shock serpents
  2 spriggan berserkers (Swamp:1)
  11 naga sharpshooters
  Sonja (Lair:5)
  A wretched star (Abyss:2)
  5 hell knights (Vaults:2)
  13 deep elf knights
  An iron troll (Depths:1)
  3 salamander mystics
  4 fire crabs (D:10)
  6 goliath frogs
  19 deep trolls
  A sixfirhy (Abyss:2)
  A death drake (Swamp:2)
  6 swamp dragons
  7 naga ritualists
  5 spriggan druids (Swamp:2)
  5 bog bodies
  9 ironbound convokers
  6 orc knights
  An orange crystal statue (IceCv)
  20 deep elf archers
  2 glowing orange brains
  4 large abominations (Abyss:2)
  3 harpies (Vaults:1)
  34 ugly things
  8 wizards
  25 deep elf zephyrmancers
  9 lindwurms
  A mana viper (shapeshifter) (D:13)
  34 deep elf pyromancers
  19 mana vipers
  11 starcursed masses (Abyss:2)
  2 necromancers (Vaults:2)
  6 will-o-the-wisps
  6 orc sorcerers
  3 manticores
  6 cyclopes
  6 elephants
  23 salamanders
  A rust devil (Abyss:2)
  40 black mambas
  13 vault sentinels
  5 guardian serpents
  15 naga magi
  2 smoke demons (Abyss:2)
  2 torpor snails
  6 storm dragon simulacra (IceCv)
  4 swamp worm zombies (Swamp:4)
  7 cane toads
  A rime drake (shapeshifter) (D:14)
  18 yaktaurs
  2 unseen horrors
  An ice devil (Abyss:2)
  9 golden dragon simulacra (IceCv)
  6 komodo dragons
  5 rime drakes
  3 freezing wraiths
  2 efreet
  A queen bee (shapeshifter) (Elf:1)
  10 trolls
  2 ancient zymes (Abyss:2)
  A harpy zombie (Abyss:2)
  A troll (shapeshifter) (D:15)
  9 tyrant leeches
  27 hornets
  A bloated husk (Swamp:4)
  A polar bear (shapeshifter) (D:13)
  4 spectral swamp dragons (Swamp:4)
  Prince Ribbit (Lair:2)
  9 polar bears
  4 alligator zombies (Swamp:4)
  27 blink frogs
  A jumping spider (shapeshifter) (D:15)
  A raiju (Abyss:2)
  32 slime creatures
  2 shadows
  3 air elementals
  A slime creature (shapeshifter) (Vaults:2)
  A vampire (D:11)
  4 water elementals
  A wraith (D:13)
  A ynoxinul (Abyss:2)
  2 wyverns
  5 steam dragons
  3 small abominations (Abyss:2)
  45 yaks
  7 basilisks
  A human (shapeshifter) (D:15)
  13 vampire mosquitoes
  5 golden eyes (Abyss:2)
  4 chaos spawn
  A fire elemental (Elf:1)
  Menkaure (D:5)
  10 wargs
  9 swamp worms
  17 water moccasins
  2 acid dragons
  35 nagas
  15 hell hounds (Lair:5)
  6 swamp drakes
  2 swamp dragon zombies (Swamp:4)
  53 orc warriors
  13 black bears
  A sky beast (D:6)
  10 ogres
  4 ice dragon simulacra (IceCv)
  26 wolves
  5 boggarts (Vaults:3)
  19 centaurs
  5 phantoms
  2 kobold brigands
  A necrophage (D:7)
  6 earth elementals
  11 bullfrogs
  4 gnoll sergeants
  2 scorpions
  3 wights
  3 killer bees (D:9)
  9 howler monkeys
  2 lindwurm simulacra (IceCv)
  4 hounds
  A quasit (Abyss:2)
  5 jellies
  A gnoll bouda (Orc:1)
  19 orc priests
  Ijyb (D:3)
  8 iguanas
  Natasha (D:2)
  26 orc wizards
  4 hell rats (Lair:3)
  36 gnolls
  4 adders
  A swamp drake zombie (Swamp:4)
  A shadow imp (Abyss:2)
  3 white imps
  An ufetubus (Abyss:2)
  A dart slug (D:1)
  102 orcs
  6 ball pythons
  5 bats
  5 endoplasms
  4 giant cockroaches
  8 goblins
  4 hobgoblins
  A jackal (D:5)
  19 kobolds
  6 quokkas
  2 frilled lizards (D:1)
  3 rats
  6 briar patches
  A lurking horror (Abyss:2)
1544 creatures vanquished.

Vanquished Creatures (others)
  A deep elf knight (Elf:3)
  A wizard (Vaults:2)
  2 deep elf zephyrmancers
  A naga mage (Snake:4)
  A bloated husk (Swamp:3)
  An iguana (Lair:5)
  7 orcs
  A briar patch (Swamp:2)
  37 bushes (Depths:1)
  16 foxfires
  58 fungi
  132 plants
  6 starspawn tentacles (Abyss:2)
264 creatures vanquished.

Grand Total: 1808 creatures vanquished

Notes
Turn   | Place    | Note
-------+----------+-------------------------------------------
     0 | D:5      | drugrobin the Demigod Delver began the quest for the Orb.
     0 | D:5      | Reached XP level 1. HP: 18/18 MP: 3/3
   115 | D:3      | Noticed Ijyb
   313 | D:1      | Reached XP level 2. HP: 25/25 MP: 4/4
  1052 | D:1      | Reached XP level 3. HP: 30/30 MP: 5/5
  1801 | D:3      | Noticed Natasha
  1984 | D:3      | Reached XP level 4. HP: 27/37 MP: 6/6
  2516 | D:4      | Reached skill level 5 in Long Blades
  2516 | D:4      | Reached XP level 5. HP: 24/42 MP: 7/7
  2892 | D:2      | Killed Natasha
  2990 | D:3      | Reached XP level 6. HP: 33/50 MP: 8/8
  3380 | D:3      | Killed Ijyb
  4331 | D:5      | Noticed Menkaure
  4336 | D:5      | Killed Menkaure
  4337 | D:5      | Reached XP level 7. HP: 30/56 MP: 9/9
  4604 | D:6      | Found a staircase to the Ecumenical Temple.
  4755 | D:5      | Noticed a steam dragon
  4800 | D:5      | Killed a steam dragon
  5804 | D:5      | HP: 1/56 [gnoll/+0 spear[a gnoll sergeant] (6)]
  5998 | D:7      | Noticed a steam dragon
  6003 | D:7      | Killed a steam dragon
  6004 | D:7      | Reached XP level 8. HP: 60/62 MP: 10/10
  6081 | D:6      | Reached skill level 10 in Long Blades
  8002 | D:7      | Reached XP level 9. HP: 53/68 MP: 11/11
  8413 | D:8      | Found a staircase to the Lair.
  8413 | D:8      | Noticed a komodo dragon
  8454 | D:8      | Killed a komodo dragon
  9480 | D:9      | Noticed Amaemon
  9480 | D:9      | Noticed an orange demon
  9799 | D:9      | Identified a scroll of acquirement
  9800 | D:9      | Acquired 867 gold pieces
  9807 | D:9      | Reached skill level 3 in Fighting
 10549 | D:10     | Entered Level 10 of the Dungeon
 10601 | D:10     | Found a staircase to the Orcish Mines.
 10682 | D:10     | Reached XP level 10. HP: 31/78 MP: 13/13
 10799 | D:9      | Reached skill level 4 in Fighting
 11101 | D:9      | Reached skill level 5 in Fighting
 11694 | D:10     | Reached skill level 6 in Fighting
 12119 | D:10     | Found a runed translucent door.
 12255 | D:10     | Noticed a fire crab
 12387 | D:11     | Noticed a manticore
 12408 | D:11     | Killed a manticore
 12587 | D:11     | Noticed a purple ugly thing
 13023 | Lair:1   | Entered Level 1 of the Lair of Beasts
 13205 | Lair:1   | Reached skill level 5 in Dodging
 13219 | Lair:1   | Reached XP level 11. HP: 83/91 MP: 14/14
 13224 | Lair:1   | Reached skill level 7 in Fighting
 13600 | Lair:1   | Reached skill level 1 in Evocations
 13914 | Lair:1   | Paralysed by a hornet for 2 turns
 14066 | Lair:1   | Reached skill level 1 in Spellcasting
 14118 | Lair:1   | Reached skill level 8 in Fighting
 14649 | Lair:2   | Noticed Prince Ribbit
 14692 | Lair:2   | Killed Prince Ribbit
 14972 | Lair:2   | Found a staircase to the Swamp.
 15040 | Lair:2   | Reached skill level 9 in Fighting
 15257 | Lair:2   | Noticed Gastronok
 15307 | Lair:2   | Killed Gastronok
 15308 | Lair:2   | Reached skill level 5 in Spellcasting
 15308 | Lair:2   | Reached XP level 12. HP: 95/105 MP: 21/23
 15689 | Lair:2   | Noticed a six-headed hydra
 15708 | Lair:2   | Killed a six-headed hydra
 15896 | Lair:2   | Found a runed translucent gate.
 15896 | Lair:2   | Found a runed translucent gate.
 15896 | Lair:2   | Found a runed translucent gate.
 15905 | Lair:2   | Noticed wormed's ghost (journeyman SpHu)
 15905 | Lair:2   | Noticed Coguiqiqih's ghost (journeyman DrCA)
 15906 | Lair:2   | Noticed Urubidymn's ghost (journeyman AtAE)
 16059 | Lair:2   | Reached skill level 10 in Fighting
 16262 | Lair:3   | Found a staircase to the Snake Pit.
 16336 | Lair:3   | Noticed a boulder beetle
 16372 | Lair:2   | Killed a boulder beetle
 16881 | Lair:3   | Identified the +5 dagger of the Three Ziggurats {flame,
                  | rPois rF+ rCorr Int-3}
 16906 | Lair:3   | Noticed Fannar
 16954 | Lair:3   | Killed Fannar
 17481 | Lair:4   | Noticed a boulder beetle
 17481 | Lair:4   | Noticed a seven-headed hydra
 17508 | Lair:4   | Found a staircase to the Slime Pits.
 17586 | Lair:4   | Reached skill level 11 in Fighting
 17613 | Lair:4   | Reached skill level 1 in Armour
 17866 | Lair:4   | Noticed a seven-headed hydra
 18237 | Lair:4   | Killed a boulder beetle
 18661 | Orc:1    | Entered Level 1 of the Orcish Mines
 19070 | Orc:1    | Paralysed by an orc sorcerer for 4 turns
 19159 | Orc:1    | Noticed an orc warlord
 19732 | D:11     | Reached XP level 13. HP: 116/116 MP: 29/29
 21016 | D:13     | Reached skill level 12 in Fighting
 21077 | D:13     | Reached skill level 5 in Armour
 21506 | Lair:4   | Identified the +9 quarterstaff of Duobupy {antimagic, Fly}
 21800 | Lair:5   | Entered Level 5 of the Lair of Beasts
 21838 | Lair:5   | Noticed Sonja
 21941 | Lair:5   | Killed Sonja
 23137 | Lair:4   | Reached XP level 14. HP: 124/127 MP: 30/30
 23473 | Lair:5   | Reached skill level 13 in Fighting
 23890 | Lair:5   | Learned a level 3 spell: Vhi's Electric Charge
 23979 | Lair:5   | Reached skill level 10 in Armour
 24388 | D:10     | Killed an orc warlord
 24734 | Orc:2    | Entered Level 2 of the Orcish Mines
 25773 | Orc:1    | Reached skill level 14 in Fighting
 25844 | Orc:1    | Found a runed translucent door.
 26725 | Orc:2    | Found Susono's Assorted Antiques.
 26725 | Orc:2    | Found Tuopootu's Magic Scroll Shop.
 26727 | Orc:2    | Found Kiezafa's Distillery.
 26729 | Orc:2    | Found Woohir's Weapon Shoppe.
 26733 | Orc:2    | Bought a scroll of teleportation for 93 gold pieces
 26733 | Orc:2    | Bought a scroll labelled LYMAPT IPSETSEIFF for 31 gold
                  | pieces
 26733 | Orc:2    | Bought a potion of curing for 93 gold pieces
 26733 | Orc:2    | Bought a dark potion for 27 gold pieces
 26733 | Orc:2    | Bought a bubbling sapphire potion for 27 gold pieces
 26738 | Orc:2    | Bought a scroll of identify for 28 gold pieces
 26738 | Orc:2    | Bought a scroll of acquirement for 728 gold pieces
 26740 | Orc:2    | Bought a potion of experience for 550 gold pieces
 26740 | Orc:2    | Bought a potion of might for 44 gold pieces
 26740 | Orc:2    | Bought a potion of resistance for 110 gold pieces
 26740 | Orc:2    | Bought a potion of flight for 33 gold pieces
 26740 | Orc:2    | Bought a potion of invisibility for 88 gold pieces
 26740 | Orc:2    | Acquired the Compilation of Bringing Forth and Nonlocality
 26814 | Orc:2    | Found a staircase to the Elven Halls.
 27031 | D:13     | Identified the +1 leather armour "Mausuone" {rF++}
 27291 | D:13     | Learned a level 2 spell: Blink
 27671 | D:14     | Found Rumut's Jewellery Boutique.
 27721 | D:14     | Reached skill level 1 in Translocations
 27732 | D:14     | Reached XP level 15. HP: 123/138 MP: 28/31
 27739 | D:14     | Learned a level 3 spell: Kindle Blastsparks
 27744 | D:14     | Learned a level 4 spell: Manifold Assault
 27749 | D:14     | Learned a level 4 spell: Passage of Golubria
 27754 | D:14     | Learned a level 4 spell: Iskenderun's Mystic Blast
 28597 | D:14     | Reached skill level 5 in Translocations
 29147 | D:14     | Found a gate to the Vaults.
 29356 | D:15     | Entered Level 15 of the Dungeon
 29696 | D:15     | Found a staircase to the Depths.
 29712 | D:15     | Reached XP level 16. HP: 42/146 MP: 32/32
 29921 | D:15     | Identified Roxanne's Compendium of the Figure
 29921 | D:15     | Noticed Roxanne
 30425 | D:15     | Reached skill level 5 in Evocations
 30895 | D:15     | Killed Roxanne
 31197 | Swamp:1  | Entered Level 1 of the Swamp
 31197 | Swamp:1  | Noticed Louise
 31230 | Lair:2   | Killed Louise
 31826 | Lair:2   | Learned a level 3 spell: Gell's Gravitas
 31833 | Lair:2   | Learned a level 6 spell: Dispersal
 32369 | Swamp:1  | Reached skill level 15 in Fighting
 33469 | Swamp:2  | Paralysed by a fenstrider witch for 5 turns
 33764 | Swamp:1  | Paralysed by a hornet for 2 turns
 34719 | Swamp:2  | Reached skill level 10 in Translocations
 34976 | Swamp:2  | Reached XP level 17. HP: 74/158 MP: 33/33
 35162 | Swamp:2  | Paralysed by a fenstrider witch for 5 turns
 35174 | Swamp:2  | HP: 7/158 [fenstrider witch (11)]
 35176 | Swamp:2  | Reached skill level 16 in Fighting
 36398 | Swamp:4  | Entered Level 4 of the Swamp
 37421 | Swamp:4  | Learned a level 1 spell: Apportation
 37755 | Snake:1  | Entered Level 1 of the Snake Pit
 38091 | Elf:1    | Entered Level 1 of the Elven Halls
 38238 | Elf:1    | Paralysed by an air elemental for 1 turns
 38242 | Elf:1    | Paralysed by an air elemental for 1 turns
 38244 | Elf:1    | Paralysed by an air elemental for 1 turns
 38248 | Elf:1    | Reached skill level 17 in Fighting
 38549 | Abyss:2  | Cast into level 2 of the Abyss (a deep elf demonologist)
 39403 | Elf:1    | Escaped the Abyss
 39578 | Depths:1 | Entered Level 1 of the Depths
 39578 | Depths:1 | Found a gateway to Hell.
 39700 | D:15     | Reached skill level 18 in Fighting
 40333 | Depths:1 | Noticed a caustic shrike
 40553 | Orc:2    | Noticed a Tzitzimitl
 40662 | Elf:1    | Found a runed translucent gate.
 40662 | Elf:1    | Found a runed translucent gate.
 40662 | Elf:1    | Found a runed translucent gate.
 40662 | Elf:1    | Found a runed translucent gate.
 40662 | Elf:1    | Found a runed translucent gate.
 40669 | Elf:1    | Found a runed translucent gate.
 40747 | Elf:1    | Found Gielyo's Self-Improvement Boutique.
 41032 | Elf:1    | Reached XP level 18. HP: 148/173 MP: 35/35
 41936 | Elf:1    | Found Luvvok's Jewellery Emporium.
 41936 | Elf:1    | Found Desukos's Book Shop.
 41937 | Elf:1    | Found Noosaqit's Jewellery Emporium.
 41943 | Elf:1    | Bought the ring "Ecren" {rC+ Will+ Str+2 Slay+5} for 898
                  | gold pieces
 42192 | Elf:2    | Paralysed by an air elemental for 1 turns
 42336 | Elf:2    | Paralysed by an air elemental for 1 turns
 42473 | Elf:2    | Found Veoc's General Store.
 43143 | Elf:2    | Found a runed translucent gate.
 43144 | Elf:2    | Found a runed translucent gate.
 43144 | Elf:2    | Found a runed translucent gate.
 43316 | Elf:3    | Entered Level 3 of the Elven Halls
 43320 | Elf:3    | Reached skill level 19 in Fighting
 43349 | Elf:3    | Found a frozen archway.
 43363 | IceCv    | Entered an ice cave
 44334 | IceCv    | Identified the ring of the Dolphin {rPois Str+6 Int-3}
 44401 | IceCv    | Identified the ring "Jiolanap" {Ice Str+2 Int+4 Dex+7
                  | Stlth-}
 45776 | Elf:3    | Found Paqaxump's Magic Scroll Emporium.
 45783 | Elf:3    | Bought a scroll of enchant armour for 120 gold pieces
 45783 | Elf:3    | Bought a scroll of teleportation for 48 gold pieces
 46359 | Elf:3    | Identified the +9 flail of the Spider Nest {spect, rElec
                  | rPois SInv}
 46364 | Elf:3    | Identified the +9 spear "Cisudial" {heavy, MP+9 Stlth+}
 46372 | Elf:3    | Identified the +8 hand axe of Muxt {holy, Int-3 Dex+6}
 46417 | Elf:3    | Identified the +1 great sword of Indomitability {freeze,
                  | rC++}
 46620 | Elf:3    | Identified the +5 long sword "Huhuh" {drain, rCorr Str-5
                  | Int-5 Stlth+}
 46623 | Elf:3    | Reached XP level 19. HP: 184/184 MP: 27/36
 46700 | Elf:3    | Found the +2 hat of the Bear Spirit {Spirit, *Rage Will++}
 46752 | Elf:3    | Identified the +4 scale mail of the Past {*Slow rElec
                  | Will+}
 46794 | Elf:3    | Identified the +4 shortbow "Grim" {heavy, Contam rElec
                  | Will- Int+7}
 47279 | Snake:1  | Reached skill level 5 in Stealth
 48780 | Snake:2  | Noticed Aizul
 48791 | Snake:2  | Killed Aizul
 48994 | Snake:2  | Found a transporter.
 48994 | Snake:2  | Noticed experimilk's ghost (adept DrCj)
 49149 | Snake:2  | Found a transporter.
 50628 | Snake:3  | Found Kihyd's Magic Scroll Shoppe.
 50637 | Snake:3  | Bought a scroll of blinking for 120 gold pieces
 51153 | Snake:4  | Entered Level 4 of the Snake Pit
 51159 | Snake:4  | Reached skill level 15 in Armour
 51162 | Snake:4  | Reached skill level 15 in Translocations
 51691 | Snake:4  | Reached skill level 20 in Fighting
 51871 | Snake:4  | HP: 4/185 [poisoned by a nagaraja (splash of poison)]
 52595 | Snake:4  | Noticed Vashnia
 52638 | Snake:4  | Killed Vashnia
 53167 | Snake:4  | Got a serpentine rune of Zot
 53478 | Vaults:1 | Entered Level 1 of the Vaults
 53493 | Vaults:1 | Reached skill level 21 in Fighting
 53499 | Vaults:1 | Reached XP level 20. HP: 80/198 MP: 1/37
 53691 | Vaults:1 | HP: 6/198 [dire elephant (26)]
 53917 | Vaults:1 | Found Echemmoe's Weapon Shoppe.
 54509 | Vaults:1 | Noticed Saint Roka
 54533 | Vaults:1 | Killed Saint Roka
 54905 | Vaults:1 | Identified the +2 battleaxe of Defiance {flame, rF++ rN+}
 55417 | Vaults:1 | Reached skill level 22 in Fighting
 56140 | Vaults:2 | Noticed Margery
 56158 | Vaults:2 | Learned a level 2 spell: Wereblood
 56481 | Vaults:2 | Killed Margery
 57066 | Vaults:2 | You fall into a shaft and drop 1 floor!
 57089 | Vaults:3 | Found a staircase to the Crypt.
 57318 | Vaults:3 | Found Saag's Magic Scroll Shop.
 57326 | Vaults:3 | Bought a scroll of blinking for 105 gold pieces
 57326 | Vaults:3 | Bought a scroll of teleportation for 42 gold pieces
 57413 | Vaults:3 | Bought a scroll of brand weapon for 133 gold pieces
 57541 | Vaults:3 | Reached skill level 10 in Dodging
 57968 | Vaults:3 | Demolished by an orc warlord

Illustrated notes

Levels and vault maps discovered:
D:1:      lightli_molten_gateway, layout_loops_corners, kennysheep_doodads
D:2:      layout_loops_ring
D:3:      layout_loops_ring, zin_statuary, serial_bayou, serial_bayou_pond_d,
          serial_bayou_crossing, serial_bayou_pond_e, serial_bayou_lake_a,
          serial_bayou_pond_a, serial_bayou_pond_e, corexii_shack, uniq_natasha,
          uniq_ijyb
D:4:      layout_basic, lemuel_coloured_pillars_altar,
          mainiacjoe_overflow_brackets
D:5:      layout_basic, roderic_three_in_a_row, grunt_tough_drop, uniq_menkaure
D:6:      black_bear_nest_1, layout_basic, minmay_temple_entry_drinking_statues
D:7:      layout_basic, ashenzari_altar_1, grunt_ministairs_7
D:8:      layout_loops_ring, lemuel_tele_altar, grunt_temple_overflow_open,
          okawaru_ov_weapons_minmay, david_lair_shrubbed
D:9:      layout_loops_cross, nicolae_overflow_hidden_temple, uniq_amaemon
D:10:     gammafunk_mikee_crab_dinner, layout_rooms, general_overflow_altar,
          trog_butcher_becter, david_orc_3
D:11:     layout_rooms
D:12:     layout_basic
D:13:     layout_roguey, grunt_qazlal_clouds
D:14:     layout_stronghold, grunt_vaults_entry_fortified, nrook_mini_vaults,
          serial_shops, nicolae_shop_stone, minivault_20
D:15:     grunt_enter_depths_snipers, layout_basic, serial_corexii_hall,
          corexii_hall_statues_s, chequers_hall_statues_y, tso_metal_star,
          uniq_roxanne
Lair:1:   layout_roguey, dreamdust_wasp_nest
Lair:2:   layout_loops_ring, minmay_swamp_entry_swarm, gammafunk_ghost_cemetery,
          uniq_gastronok, uniq_prince_ribbit2
Lair:3:   layout_misc_corridors, minmay_snake_entry_guardpost_small,
          grunt_megastairs_1, uniq_fannar
Lair:4:   layout_concentric_octagons, slime_entry_1, serial_bayou_shore_a
Lair:5:   guppyfry_lair_end_dragon, layout_loops_ring,
          hangedman_lair_caniforms_friends, uniq_sonja
Swamp:1:  layout_falls_marsh, nicolae_swamp_small_spring, uniq_louise
Swamp:2:  nzn_winding_woodlands_medium [nzn_winding_woodlands_hourglass,
          nzn_winding_woodlands_5x15_lazy_stream,
          nzn_winding_woodlands_5x5_cross,
          nzn_winding_woodlands_5x5_closed_star,
          nzn_winding_woodlands_center_garden,
          nzn_winding_woodlands_5x5_checkerboard,
          nzn_winding_woodlands_5x5_three, nzn_winding_woodlands_5x15_longhouse,
          nzn_winding_woodlands_5x5_perimeter], layout_basic_swamp,
          evilmike_swamp_ruin_house_1
Swamp:3:  layout_basic_swamp, nicolae_swamp_very_dense_foliage, swamp_pool1,
          lightli_tree_ring
Swamp:4:  swamp_pestilence, layout_basic_swamp
Snake:1:  layout_gridlike, nicolae_snake_mages_go_home
Snake:2:  layout_layer_cave, gammafunk_ghost_arena, uniq_aizul
Snake:3:  layout_rooms, serial_shops, shop, grunt_megastairs_3
Snake:4:  grunt_snake_rune_serpentine_throne, layout_misc_corridors
Orc:1:    layout_caves, lightli_church_of_beogh
Orc:2:    st_orc_rangers, layout_caves
Elf:1:    minmay_elf_arrival_circle, layout_geoelf_grid, orc_legates,
          nicolae_shop_self_help, minmay_shop_grove
Elf:2:    nicolae_elf_blades_crystal_corner, layout_gridlike, serial_glass,
          glass_columns_a, glass_columns_a, glass_columns_a, glass_columns_a,
          serial_shops, nicolae_shop_advertising_works
          [nicolae_subvault_shop_adworks], palyth_stone_intersect
Elf:3:    elf_hall, layout_loops_cross, portal_ice_cave_entry_pillars_2,
          serial_sigils, serial_sigils_hangedman_quiver,
          serial_sigils_hangedman_confine, serial_sigils_hangedman_gnaw,
          serial_sigils_hangedman_scratch, serial_shops, nicolae_shop_crystal
Vaults:1: vaults_mumra_minichess, st_diamondy, v_alt_pattern_1,
          nicolae_vaults_stairing_the_circle, grunt_vaults_hallway_short,
          v_misc_17, vaults_room_fours, nicolae_vaults_little_squares_3,
          vaults_dpeg_emergency_exit, vaults_room_semicircle,
          layout_vaults_omnigrid, serial_shops, nicolae_shop_waterfront,
          uniq_saint_roka
Vaults:2: hangedman_vaults_capsules, nicolae_vaults_little_squares_6,
          hangedman_vaults_cutoff, nicolae_vaults_little_ls,
          nicolae_vaults_sealed_display, v_misc_10, v_misc_29,
          grunt_vaults_funnel, v_misc_25, vaults_room_guarded_vault,
          layout_vaults_omnibox, uniq_margery
Vaults:3: hangedman_vaults_unwind, minmay_crypt_entry_necro_gods,
          grunt_vaults_twisty, vaults_room_large_hall,
          vaults_standard_mumra_enter_the_diamond, dpeg_vaults_hating_casters,
          vaults_room_stairs_pillars, v_pattern_5, v_rooms_6, v_rooms_3,
          vaults_room_large_hall, vaults_dpeg_encased_lava,
          layout_vaults_maze_snakey, serial_shops, nicolae_square_shop
Depths:1: layout_gridlike, serial_bayou_pond_a, hell_entry,
          serial_sigils_hangedman_quiver, minmay_hedge_maze,
          minmay_swirly_circle

Skill      XL: |  1  2  3  4  5  6  7  8  9 10 11 12 13 14 15 16 17 18 19 20 |
---------------+-------------------------------------------------------------+-----
Long Blades    | 2 3 4 5 6 7 9 11 13 14 | 14.8
Fighting       | 3 6 9 11 12 14 15 18 19 21 22 | 22.0
Dodging        | 5 10 | 10.0
Evocations     | 4 8 |  8.0
Spellcasting   | 5 7 8 |  8.0
Armour         | 3 9 11 12 13 15 | 15.0
Translocations | 3 7 10 12 13 15 | 15.0
Stealth        | 8 |  8.0
Conjurations   | |  0.3

Action                   |  1- 3 |  4- 6 |  7- 9 | 10-12 | 13-15 | 16-18 | 19-21 || total
-------------------------+-------+-------+-------+-------+-------+-------+-------++-------
Melee: Falchion          |   137 |   158 |   463 |   869 |       |       |       ||  1627
       Punch             |       |     1 |    13 |    34 |    26 |     4 |       ||    78
       Dagger            |       |       |    93 |  1044 |    90 |    57 |       ||  1284
       Trident           |       |       |    36 |     1 |       |       |       ||    37
       Long sword        |       |       |       |    12 |   687 |  1651 |  1111 ||  3461
       Scimitar          |       |       |       |       |   588 |    77 |    55 ||   720
       Great sword       |       |       |       |       |    82 |       |       ||    82
 Fire: Sling             |       |    12 |     1 |     7 |       |       |       ||    20
Throw: Boomerang         |       |       |    40 |    42 |    23 |    28 |     4 ||   137
       Dart              |       |       |     2 |     1 |     1 |    20 |     7 ||    31
 Cast: Vhi's Electric Ch |       |       |       |       |    15 |   152 |   125 ||   292
       Kindle Blastspark |       |       |       |       |     2 |    10 |       ||    12
       Blink             |       |       |       |       |     1 |    16 |     2 ||    19
       Manifold Assault  |       |       |       |       |       |   131 |   217 ||   348
       Iskenderun's Myst |       |       |       |       |       |     2 |    11 ||    13
       Apportation       |       |       |       |       |       |     1 |       ||     1
       Gell's Gravitas   |       |       |       |       |       |    14 |    44 ||    58
       Dispersal         |       |       |       |       |       |     1 |       ||     1
       Wereblood         |       |       |       |       |       |       |     1 ||     1
Evoke: Wand              |       |    11 |     8 |    21 |    20 |    12 |     4 ||    76
       Tin of tremorston |       |       |       |     2 |     3 |    10 |     5 ||    20
       Condenser vane    |       |       |       |       |       |     6 |     3 ||     9
       Lightning rod     |       |       |       |       |       |       |    10 ||    10
       Phial of floods   |       |       |       |       |       |       |     1 ||     1
  Use: Scroll            |     1 |       |    13 |     6 |     8 |    13 |     5 ||    46
       Potion            |       |       |     2 |     4 |     3 |     9 |     6 ||    24
 Stab: Distracted        |     2 |       |       |     1 |     4 |     1 |     1 ||     9
       Sleeping          |     4 |       |     2 |     1 |     1 |     1 |     2 ||    11
       Paralysed         |       |       |       |    25 |    11 |     7 |     2 ||    45
       Petrified         |       |       |       |       |     5 |       |       ||     5
       Confused          |       |       |       |       |       |     1 |       ||     1
Armor: Leather armour    |     3 |       |       |       |       |       |       ||     3
       Scale mail        |    63 |    57 |   199 |   509 |   890 |   654 |   380 ||  2752
       Chain mail        |       |       |       |    65 |       |    54 |       ||   119
       Shadow dragon sca |       |       |       |       |       |       |    14 ||    14
Dodge: Dodged            |    69 |    74 |   243 |   815 |  1254 |  1162 |   435 ||  4052
Block: Buckler           |       |       |       |       |       |   259 |   164 ||   423

Table legend: (Time is in decaauts)
 A = Elapsed time spent in this place.
 B = Non-inter-level travel time spent in this place.
 C = Inter-level travel time spent in this place.
 D = Time resting spent in this place.
 E = Time spent auto-exploring this place.
 F = Levels seen in this place.
 G = Mean time per level.
                   A        B        C        D        E       F      G
               +--------+--------+--------+--------+--------+-----+--------+
         Total |  57198 |  52849 |   4349 |   8309 |  27183 |  39 | 1466.6 |
       Dungeon |  20517 |  18235 |   2282 |   2290 |  10506 |  15 | 1367.8 |
          Lair |   9161 |   8134 |   1027 |   1421 |   3605 |   5 | 1832.2 |
         Swamp |   5836 |   5604 |    232 |   1483 |   1900 |   4 | 1459.0 |
     Snake Pit |   6123 |   5879 |    244 |    805 |   3746 |   4 | 1530.8 |
  Orcish Mines |   2922 |   2651 |    271 |    510 |    989 |   2 | 1461.0 |
   Elven Halls |   5601 |   5436 |    165 |    807 |   2830 |   3 | 1867.0 |
        Vaults |   4380 |   4285 |     95 |    600 |   2561 |   3 | 1460.0 |
        Depths |    630 |    600 |     30 |    115 |    276 |   1 |  630.0 |
         Abyss |    864 |    864 |      0 |    170 |    168 |   1 |  864.0 |
      Ice Cave |   1160 |   1160 |      0 |    106 |    602 |   1 | 1160.0 |
               +--------+--------+--------+--------+--------+-----+--------+

Top non-repeatable levels by time:
  Lair:2: 2640 daAuts
Vaults:1: 2309 daAuts
   Elf:3: 2306 daAuts
 Swamp:2: 2194 daAuts
     D:5: 2051 daAuts
    D:10: 1994 daAuts
   Elf:1: 1969 daAuts
 Snake:4: 1962 daAuts
    D:14: 1901 daAuts
  Lair:1: 1867 daAuts
  Lair:5: 1843 daAuts
    D:15: 1751 daAuts
     D:9: 1744 daAuts
     D:8: 1716 daAuts
  Lair:4: 1697 daAuts
